 Dungeon Crawl Stone Soup version 0.30-a0-1157-g2cc9ac7196 (webtiles) character file.

Game seed: 2564674430325764049

37 qeuew the Slasher (level 3, 0/21 HPs)
             Began as a Tengu Gladiator on Apr 24, 2023.
             Slain by an adder (2 damage)
             ... on level 2 of the Dungeon.
             The game lasted 00:01:11 (1075 turns).

qeuew the Slasher (Tengu Gladiator)                 Turns: 1075, Time: 00:01:11

Health: 0/21       AC:  3    Str: 14    XL:     3   Next: 41%
Magic:  4/4        EV: 13    Int:  8    God:
Gold:   54         SH:  0    Dex: 17    Spells: 2/2 levels left

rFire   . . .        a - +0 long sword
rCold   . . .        (no shield)
rNeg    . . .        b - +0 leather armour
rPois   .            c - +0 hat
rElec   .            (no cloak)
rCorr   .            (no gloves)
SInv    .            (boots unavailable)
Will    .....        (no amulet)
Stlth   +            (no ring)
HPRegen 0.23/turn    (no ring)
MPRegen 0.09/turn

%: no passive effects
@: lethally poisoned (0 -> -2)
A: beak, talons 3
a: no special abilities


You were on level 2 of the Dungeon.
You visited 1 branch of the dungeon, and saw 2 of its levels.

You collected 54 gold pieces.

Inventory:

Hand Weapons
 a - a +0 long sword (weapon)
Missiles
 d - 3 throwing nets (quivered)
 e - a javelin
Armour
 b - a +0 leather armour (worn)
 c - a +0 hat (worn)
Wands
 j - a wand of digging (2)
Scrolls
 f - 3 scrolls of poison {unknown}
 h - a scroll of blinking {unknown}
 i - a scroll of magic mapping


   Skills:
 + Level 2.1 Fighting
 * Level 3.8 Long Blades
 * Level 2.5 Throwing
 + Level 0.7 Armour
 * Level 3.7 Dodging


You had 2 spell levels left.
You didn't know any spells.
Your spell library contained the following spells:

 Spells                   Type           Power      Damage    Failure   Level
 Ensorcelled Hibernation  Hex/Ice        0%         N/A       63%         2
 Spider Form              Tmut/Pois      0%         N/A       86%         3
 Anguish                  Hex/Necr       0%         N/A       99%         4
 Passage of Golubria      Tloc           0%         N/A       99%         4
 Silence                  Hex/Air        0%         N/A       100%        5
 Lehudib's Crystal Spear  Conj/Erth      0%         10d2      100%        8


Dungeon Overview and Level Annotations

Branches:
Dungeon (2/15)

Altars:

Shops:
D:2 *


Innate Abilities, Weirdness & Mutations

You have a beak for a mouth.
You have claws for feet.


Message History

You are too injured to fight recklessly!
You are too injured to fight recklessly!
You are too injured to fight recklessly!
You are too injured to fight recklessly!
You are too injured to fight recklessly!
You are too injured to fight recklessly!
You are too injured to fight recklessly!
You are too injured to fight recklessly!
You are too injured to fight recklessly!
You are too injured to fight recklessly!
You are too injured to fight recklessly!
Unknown command.
You hit the adder. Your punch misses the adder.
The adder is moderately wounded.
You feel sick. The adder completely misses you. The quokka bites you.
* * * LOW HITPOINT WARNING * * *
The adder barely misses you.
The kobold hits you with a +0 short sword.
* * * LOW HITPOINT WARNING * * *
You feel better. The quokka closely misses you. The adder misses you.
The kobold hits you with a +0 short sword.
You closely miss the adder. You claw the adder, but do no damage.
You peck the adder, but do no damage.
The adder is moderately wounded.
The quokka bites you. The adder barely misses you. The adder bites you.
* * * LOW HITPOINT WARNING * * *
You are poisoned.
The adder poisons you! The kobold closely misses you.
The quokka bites you but does no damage.
Okay, then.
* * * LOW HITPOINT WARNING * * *
You feel sick. The adder barely misses you.
You see here a hobgoblin corpse.
The adder attacks as you move away! The adder barely misses you.
The kobold attacks as you move away!
The kobold hits you with a +0 short sword.
* * * LOW HITPOINT WARNING * * *
x2 You feel sick.
The adder attacks as you move away! The adder bites you.
You die...

#.............#
#.............#
###.............##
?................+
.................#
#..............#
#..........)...#
#...rSK........##
####.@..........#
#............#
#!...........#
#............#
..............#
###............#
#.............#
#.............#
##........<....#


You could see an adder, a quokka and a kobold.

Vanquished Creatures
  A gnoll (D:1)
  A dart slug (D:2)
  3 ball pythons
  2 bats (D:1)
  3 endoplasms (D:1)
  A giant cockroach (D:1)
  A goblin (D:1)
  2 hobgoblins
  A quokka (D:2)
  3 frilled lizards (D:1)
  5 kobolds
  4 rats
27 creatures vanquished.

Notes
Turn   | Place    | Note
-------+----------+-------------------------------------------
     0 | D:1      | qeuew the Tengu Gladiator began the quest for the Orb.
     0 | D:1      | Reached XP level 1. HP: 12/12 MP: 2/2
   112 | D:1      | Reached XP level 2. HP: 17/17 MP: 3/3
   530 | D:1      | Reached XP level 3. HP: 11/21 MP: 4/4
   969 | D:2      | Found Fujui's General Store.
  1070 | D:2      | HP: 1/21 [kobold/+0 short sword (4)]
  1075 | D:2      | Slain by an adder

Illustrated notes

Levels and vault maps discovered:
D:1:      tarquinn_simple_flora_water_f, layout_basic, grunt_decor_one_mirror
D:2:      layout_basic, serial_shops, nicolae_shop_tiny_glass,
          nicolae_shop_behind_doors, shop_scrolls, serial_aquarium,
          aquarium_bridge_square [aquarium_subvault_bridge,
          aquarium_subvault_bridge, aquarium_subvault_window,
          aquarium_subvault_bridge], aquarium_bridge_long_joined
          [aquarium_subvault_window, aquarium_subvault_window,
          aquarium_subvault_bridge, aquarium_subvault_window,
          aquarium_subvault_balcony, aquarium_subvault_wall], aquarium_window_2,
          aquarium_window_1, aquarium_view_2c, minmay_3d_cube

Action                     || total
---------------------------++-------
  Melee: Long sword        ||    51
         Peck              ||     6
         Kick              ||    10
    Use: Potion            ||     3
         Scroll            ||     1
   Stab: Sleeping          ||     2
 Armour: Leather armour    ||    14
  Dodge: Dodged            ||    36

Table legend: (Time is in decaauts)
 A = Elapsed time spent in this place.
 B = Non-inter-level travel time spent in this place.
 C = Inter-level travel time spent in this place.
 D = Time resting spent in this place.
 E = Time spent auto-exploring this place.
 F = Levels seen in this place.
 G = Mean time per level.
                   A        B        C        D        E       F      G
               +--------+--------+--------+--------+--------+-----+--------+
         Total |   1086 |   1029 |     57 |      0 |    855 |   2 |  543.0 |
       Dungeon |   1086 |   1029 |     57 |      0 |    855 |   2 |  543.0 |
               +--------+--------+--------+--------+--------+-----+--------+

Top non-repeatable levels by time:
     D:1: 977 daAuts
     D:2: 109 daAuts
